 Dungeon Crawl Stone Soup version 0.22.1-2-g9c5b331383 (webtiles) character file.

1351 Marnok the Poker (level 8, -4/69 HPs)
             Began as a Minotaur Gladiator on Jan 5, 2019.
             Was a Follower of Ashenzari.
             Slain by an ice beast (5 damage)
             ... on level 7 of the Dungeon.
             The game lasted 00:19:36 (4511 turns).

Marnok the Poker (Minotaur Gladiator)               Turns: 4511, Time: 00:19:39

Health: -4/69      AC:  5    Str: 20    XL:     8   Next: 36%
Magic:  7/7        EV: 15    Int:  5    God:    Ashenzari [*.....]
Gold:   243        SH:  0    Dex: 13    Spells: 7/7 levels left

rFire    + . .     SeeInvis .   k - +3 spear (curse)
rCold    . . .     Gourm    .   (no shield)
rNeg     . . .     Faith    .   b - +0 leather armour
rPois    .         Spirit   .   c - +0 hat (curse)
rElec    .         Reflect  .   (no cloak)
rCorr    .         Harm     .   (no gloves)
MR       +....                  e - +1 pair of boots (curse)
Stlth    ++........             (no amulet)
HPRegen  0.21/turn              l - ring of protection from fire (curse)
MPRegen  0.10/turn              g - ring of protection from magic

@: no status effects
A: retaliatory headbutt, horns 2
a: Curse Item, Scrying, Renounce Religion


You were on level 7 of the Dungeon.
You worshipped Ashenzari.
Ashenzari was aware of your devotion.
You were hungry.

You visited 1 branch of the dungeon, and saw 7 of its levels.

You collected 243 gold pieces.

Inventory:

Hand Weapons
 a - a +0 long sword
 h - a +1 dagger of draining
 k - a cursed +3 spear (weapon)
 u - a +2 dagger of venom
 x - a +0 hunting sling
Missiles
 d - 3 throwing nets (quivered)
Armour
 b - a +0 leather armour (worn)
 c - a cursed +0 hat (worn)
 e - a cursed +1 pair of boots (worn)
 y - a +0 leather armour
Jewellery
 g - a ring of protection from magic (right hand)
 l - a cursed ring of protection from fire (left hand)
Wands
 m - a wand of polymorph (1)
 o - a wand of random effects (15)
 q - a wand of acid (8)
 z - a wand of iceblast (9)
Scrolls
 i - 2 scrolls of immolation {unknown}
 n - 2 scrolls of identify {unknown}
 s - 3 scrolls of remove curse
 v - a scroll of enchant weapon {unknown}
Potions
 j - a potion of curing
 t - a potion of flight
Comestibles
 f - 9 rations
 A - 4 chunks of flesh


   Skills:
 + Level 5.6 Fighting
 + Level 4.5 Long Blades
 + Level 6.7 Polearms
 + Level 2.1 Throwing
 + Level 4.8 Armour
 + Level 5.8 Dodging
 + Level 2.6 Stealth


You had 7 spell levels left.
You didn't know any spells.
Your spell library contained the following spells:

 Spells                   Type           Power        Failure   Level  Hunger
 Confusing Touch          Hex            #.....       52%         1    ##.....
 Confuse                  Hex            #.......     88%         3    ####...
 Gell's Gravitas          Tloc           #.........   88%         3    ####...
 Petrify                  Tmut/Erth      #.......     99%         4    #####..
 Metabolic Englaciation   Hex/Ice        #.........   100%        5    ######.
 Yara's Violent Unravell  Hex/Tmut       #.........   100%        5    ######.


Dungeon Overview and Level Annotations

Branches:
Dungeon (7/15)             Temple (0/1) D:5

Altars:
Ashenzari
Qazlal
Wu Jian
Xom
Yredelemnul


Innate Abilities, Weirdness & Mutations

You reflexively headbutt those who attack you in melee.
You have a pair of horns on your head.


Message History

You headbutt the ice beast. You hit the ice beast but do no damage.
You headbutt the ice beast!
The ice beast is heavily wounded.
The ice beast hits you but does no damage.
The gnoll sergeant hits you from afar with a trident!
* * * LOW HITPOINT WARNING * * *
It was a potion of magic.
Magic courses through your body.
The ice beast hits you but does no damage.
You feel better.
The gnoll sergeant hits you from afar with a trident.
* * * LOW HITPOINT WARNING * * *
The ice beast hits you but does no damage.
As you read the scroll labeled UMUIKL WOJUM, it crumbles to dust.
The dust glows pale orange!
It was a scroll of random uselessness.
The gnoll sergeant hits you from afar with a trident.
* * * LOW HITPOINT WARNING * * *
The ice beast hits you.
* * * LOW HITPOINT WARNING * * *
The ice beast freezes you.
You die...

#################
##.............g.#
......##########.#
.#####.# #@# ##
#.# #Y# # ... #.#
###.# ### #.#
....# #.# #.###
#.# ##.. #.# # ###
...


You could see an ice beast and a gnoll sergeant.

Vanquished Creatures
  Grinder (D:5)
  Menkaure (D:5)
  An ogre (D:7)
  A phantom (D:4)
  A centaur (D:7)
  3 bullfrogs
  A howler monkey (D:5)
  2 crimson imps (D:5)
  A centaur zombie (D:5)
  A hound (D:7)
  2 orc wizards
  A bullfrog skeleton (D:6)
  Ijyb (D:5)
  An iguana (D:7)
  2 worker ants
  10 adders
  A shadow imp (D:5)
  2 oozes
  An adder skeleton (D:5)
  2 worms (D:2)
  A dart slug (D:2)
  5 leopard geckos
  10 orcs
  2 ball pythons (D:2)
  9 bats
  7 giant cockroaches
  12 goblins
  3 hobgoblins
  6 jackals
  4 quokkas
  11 frilled lizards
  10 kobolds
  A leopard gecko skeleton (D:5)
  9 rats
126 creatures vanquished.

Notes
Turn   | Place    | Note
-------+----------+-------------------------------------------
     0 | D:1      | Marnok the Minotaur Gladiator began the quest for the Orb.
     0 | D:1      | Reached XP level 1. HP: 18/18 MP: 0/0
   224 | D:1      | Reached XP level 2. HP: 14/25 MP: 1/1
   604 | D:1      | Reached XP level 3. HP: 30/30 MP: 2/2
   725 | D:2      | Found a shattered altar of Ashenzari.
  1100 | D:2      | Found a basalt altar of Yredelemnul.
  1100 | D:2      | Found a shimmering altar of Xom.
  1101 | D:2      | Found a shattered altar of Ashenzari.
  1266 | D:2      | Became a worshipper of Ashenzari the Shackled
  1296 | D:2      | Reached skill level 1 in Armour
  1344 | D:3      | Reached XP level 4. HP: 34/38 MP: 3/3
  1355 | D:3      | Found a faded altar of an unknown god.
  1531 | D:2      | Reached skill level 1 in Polearms
  1624 | D:2      | Reached XP level 5. HP: 40/45 MP: 4/4
  2111 | D:3      | Reached skill level 2 in Polearms
  2386 | D:3      | Found a stormy altar of Qazlal.
  2579 | D:4      | Noticed a phantom
  2603 | D:4      | Killed a phantom
  2603 | D:4      | Reached skill level 3 in Polearms
  2603 | D:4      | Reached XP level 6. HP: 29/52 MP: 5/5
  2754 | D:5      | Entered Level 5 of the Dungeon
  3044 | D:5      | Reached * piety under Ashenzari
  3146 | D:5      | Noticed Menkaure
  3155 | D:5      | Killed Menkaure
  3155 | D:5      | Reached skill level 4 in Polearms
  3155 | D:5      | Reached skill level 1 in Stealth
  3155 | D:5      | Reached XP level 7. HP: 32/60 MP: 6/6
  3210 | D:5      | Found an ornate altar of the Wu Jian Council.
  3301 | D:5      | Found a staircase to the Ecumenical Temple.
  3457 | D:5      | Noticed Grinder
  3474 | D:5      | Reached skill level 5 in Dodging
  3494 | D:5      | Killed Grinder
  3494 | D:5      | Reached skill level 5 in Polearms
  3499 | D:5      | Reached skill level 5 in Fighting
  3814 | D:5      | Noticed Ijyb
  3824 | D:5      | Killed Ijyb
  4078 | D:7      | Reached XP level 8. HP: 57/68 MP: 7/7
  4081 | D:7      | Reached skill level 6 in Polearms
  4460 | D:7      | HP: 1/69 [gnoll sergeant/trident (8)]
  4508 | D:7      | HP: 2/69 [gnoll sergeant/trident (9)]
  4511 | D:7      | Slain by an ice beast

Skill      XL: |  1  2  3  4  5  6  7  8 |
---------------+-------------------------+-----
Long Blades    | 4 |  4.5
Fighting       | 3 4 5 |  5.6
Dodging        | 4 5 |  5.8
Armour         | 1 2 3 4 |  4.8
Polearms       | 1 3 4 5 6 |  6.7
Stealth        | 1 2 |  2.6
Throwing       | |  2.1

Action                   |  1- 3 |  4- 6 |  7- 9 || total
-------------------------+-------+-------+-------++-------
Melee: Long sword        |    35 |       |       ||    35
       Headbutt          |     8 |    18 |    21 ||    47
       Spear             |    45 |   112 |   121 ||   278
Invok: Curse Item        |       |     4 |       ||     4
  Use: Scroll            |     1 |       |     2 ||     3
       Potion            |       |       |     7 ||     7
 Stab: Sleeping          |       |     1 |       ||     1
       Invisible         |       |       |     2 ||     2
  Eat: Chunk             |     1 |     6 |     4 ||    11
Armor: Leather armour    |    32 |    18 |    23 ||    73
Dodge: Dodged            |    79 |    63 |   108 ||   250
       Rpst.: Long sword |     9 |       |       ||     9
